AoeStats
← cmd

QS Arena

503185392Analyzed
3v3 RM · 1mo ago on Aug 30, 2026· 19m 32s· 6 players
Game mode
Random Map
Map size
Normal (6 player)
Population
200
Speed
Normal
Resources
Standard
Victory
Conquest
Starting age
Dark Age
Ending age
Imperial Age
RankedLock teamsTeams togetherTeam positionsShared explorationLock speedFull tech treeHidden civsTurbo modeCheats
Victory
Defeat
🇵🇱 Georgians · Poland
952
+15
🇨🇳 Turks · China
922
+16
🇨🇴 Ethiopians · Colombia
905
+17
🇩🇪 Armenians · Germany
955
-17
🇩🇪 Cumans · Germany
948
-17
🇩🇪 Goths · Germany
891
-14
Mitochondrium
7:35 Feudal Age
7:44 Feudal Age
9:00 Double-Bit Axe
8:56 Horse Collar
12:03 Loom
14:20 Castle Age
12:46 Scale Barding Armor
12:54 Gold Mining
13:31 Forging
13:25 Loom
14:20 Bloodlines
15:50 Husbandry
19:50 Heavy Plow
林北干林娘。
0:28 Loom
8:34 Feudal Age
9:23 Double-Bit Axe
9:34 Horse Collar
21:01 Castle Age
DeadpanFox71524
9:04 Feudal Age
9:25 Man-at-Arms
10:01 Double-Bit Axe
11:19 Horse Collar
12:59 Forging
15:28 Scale Mail Armor
20:15 Castle Age
18:40 Gold Mining
helo
4:48 Loom
7:08 Feudal Age
10:58 Man-at-Arms
17:44 Scale Mail Armor
17:16 Long Swordsman
noname
6:55 Loom
8:44 Feudal Age
9:47 Horse Collar
9:55 Double-Bit Axe
cmd
9:29 Loom
11:14 Feudal Age
11:57 Horse Collar
15:05 Castle Age
13:30 Double-Bit Axe
16:35 Bow Saw
16:27 Heavy Plow
16:58 Stone Mining
16:58 Gold Mining
Connection lost

Rejoining the realm…

Still unreachable

The connection could not be restored.

Session expired

The server has moved on; the page needs a fresh start.